 Dungeon Crawl Stone Soup version 0.25-a0-566-g062765be81 (webtiles) character file.

Game seed: 11775195683510920026, levelgen mode: deterministic

833 MisterFreud the Grappler (level 7, -4/66 HPs)
             Began as a Troll Hunter on Feb 27, 2020.
             Was a Follower of Wu Jian.
             Slain by a slave (9 damage)
             ... led by Pikel
             ... on level 5 of the Dungeon.
             The game lasted 00:05:21 (2716 turns).

MisterFreud the Grappler (Troll Hunter)             Turns: 2716, Time: 00:05:22

Health: -4/66      AC:  0    Str: 23    XL:     7   Next: 66%
Magic:  6/6        EV: 14    Int:  7    God:    Wu Jian [*.....]
Gold:   156        SH:  0    Dex: 10    Spells: 6/6 levels left

rFire    . . .     SeeInvis .     - Unarmed
rCold    . . .     Gourm    +   (shield currently unavailable)
rNeg     . . .     Faith    .   (armour currently unavailable)
rPois    .         Spirit   .   (helmet currently unavailable)
rElec    .         Reflect  .   (cloak currently unavailable)
rCorr    .         Harm     .   (gloves unavailable)
MR       .....                  (boots unavailable)
Stlth    +.........             (no amulet)
HPRegen  0.61/turn              (ring currently unavailable)
MPRegen  0.10/turn              (ring currently unavailable)

@: pig-form, very quick
A: small, unfitting armour, fast metabolism 3, gourmand, regeneration 1
a: Renounce Religion


You were on level 5 of the Dungeon.
You worshipped Wu Jian.
Wu Jian was aware of your devotion.
You were completely stuffed.
You were a filthy swine.
You visited 1 branch of the dungeon, and saw 5 of its levels.

You collected 156 gold pieces.

Inventory:

Missiles
 c - 5 large rocks (quivered)
 d - 2 throwing nets
 h - 38 poisoned darts
 j - 117 stones
 u - 7 silver javelins
Armour
 b - a +0 robe (melded)
 w - a +0 cloak (melded)
Jewellery
 t - a ring of positive energy (melded)
Wands
 r - a wand of clouds (4)
 s - a wand of random effects (26)
Scrolls
 a - 4 scrolls of identify {unknown}
 g - 4 scrolls of teleportation {unknown}
 i - a scroll of noise {unknown}
 l - a scroll of random uselessness {unknown}
 o - 2 scrolls of enchant armour {unknown}
 p - 3 scrolls of amnesia {unknown}
 v - a scroll of magic mapping {unknown}
 y - a scroll of remove curse {unknown}
Potions
 e - a potion of haste {unknown}
 k - 2 potions of stabbing {unknown}
 m - 2 potions of curing {unknown}
 n - a potion of might {unknown}
 q - a potion of brilliance {unknown}
Comestibles
 f - 8 rations
 x - 7 chunks of flesh


   Skills:
 + Level 2.3 Fighting
 + Level 4.1 Throwing
 - Level 1.5 Dodging
 - Level 0.3 Stealth
 - Level 8.0 Unarmed Combat


You had 6 spell levels left.
You didn't know any spells.
Your spell library was empty.

Dungeon Overview and Level Annotations

Branches:
Dungeon (5/15)
 Temple: D:4-7

Altars:
Cheibriados
Gozag
Ru
Sif Muna
Uskayaw
Vehumet
Wu Jian
Xom
The Shining One

Annotations:
D:5 Pikel


Innate Abilities, Weirdness & Mutations

You are too large for most types of armour.
((You have claws for hands.))
Your metabolism is lightning-fast.
You like to eat raw meat.
Your natural rate of healing is unusually fast.
((You are covered in fur. (AC +1)))
((You have extremely tough skin. (AC +3)))


Message History

Pikel closely misses you. The slave misses you.
You closely miss Pikel.
Pikel is heavily wounded.
Pikel hits you with a +2 whip of freezing!
Pikel freezes you. The slave misses you.
You closely miss Pikel.
Pikel is heavily wounded.
Pikel hits you with a +2 whip of freezing!
Pikel freezes you.
* * * LOW HITPOINT WARNING * * *
You hit Pikel but do no damage.
Pikel is heavily wounded.
The slave closely misses you.
Pikel hits you with a +2 whip of freezing!
* * * LOW HITPOINT WARNING * * *
Pikel freezes you.
* * * LOW HITPOINT WARNING * * *
You spin and attack the slave.
You hit the slave but do no damage. The slave hits you!
You die...

# ############.
... +............
#....#####p######.
+...spppK.h.......
#.)..#####.#######
.s. .... # ##.###
..# ..# ..# #..#


You could see Pikel, 4 slaves and a giant cockroach.

Vanquished Creatures
  A bullfrog (D:3)
  A scorpion (D:4)
  A howler monkey (D:3)
  A bullfrog skeleton (D:4)
  4 orc wizards
  6 orc priests
  A jelly (D:3)
  2 iguanas (D:4)
  2 worker ants
  A hound skeleton (D:4)
  A howler monkey skeleton (D:4)
  4 gnolls (D:4)
  4 adders
  4 worms
  A dart slug (D:3)
  5 leopard geckos
  13 orcs
  4 giant cockroaches
  10 goblins
  7 hobgoblins
  16 jackals
  3 ball pythons
  11 bats
  3 frilled lizards
  9 kobolds
  8 rats
  A butterfly (D:3)
124 creatures vanquished.

Notes
Turn   | Place    | Note
-------+----------+-------------------------------------------
     0 | D:1      | MisterFreud the Troll Hunter began the quest for the Orb.
     0 | D:1      | Reached XP level 1. HP: 19/19 MP: 0/0
    63 | D:1      | Reached skill level 1 in Unarmed Combat
   114 | D:1      | Reached XP level 2. HP: 24/27 MP: 1/1
   228 | D:1      | Reached skill level 2 in Unarmed Combat
   321 | D:1      | Reached XP level 3. HP: 33/33 MP: 2/2
   490 | D:2      | Reached skill level 3 in Unarmed Combat
   792 | D:2      | Reached XP level 4. HP: 41/41 MP: 3/3
   937 | D:2      | Reached skill level 4 in Unarmed Combat
  1292 | D:3      | Reached XP level 5. HP: 48/48 MP: 4/4
  1311 | D:3      | Found a snail-covered altar of Cheibriados.
  1311 | D:3      | Found an ornate altar of the Wu Jian Council.
  1311 | D:3      | Found a radiant altar of Vehumet.
  1314 | D:3      | Found a shimmering altar of Xom.
  1415 | D:3      | Found a glowing golden altar of the Shining One.
  1450 | D:3      | Reached skill level 5 in Unarmed Combat
  1486 | D:3      | Became a worshipper of the Wu Jian Council
  1567 | D:3      | Reached XP level 6. HP: 51/55 MP: 5/5
  1601 | D:3      | Reached skill level 6 in Unarmed Combat
  1988 | D:3      | Found a shimmering blue altar of Sif Muna.
  1995 | D:3      | Found an opulent altar of Gozag.
  1995 | D:3      | You fall into a shaft and drop 1 floor!
  2136 | D:4      | Reached skill level 7 in Unarmed Combat
  2165 | D:4      | Reached * piety under Wu Jian
  2231 | D:4      | Reached XP level 7. HP: 62/62 MP: 6/6
  2472 | D:4      | Reached skill level 8 in Unarmed Combat
  2594 | D:4      | Found a sacrificial altar of Ru.
  2600 | D:4      | Found a hide-covered altar of Uskayaw.
  2692 | D:5      | Entered Level 5 of the Dungeon
  2692 | D:5      | Noticed Pikel
  2716 | D:5      | Slain by a slave

Levels and vault maps discovered:
D:1:      minmay_arrival_wavy_path, layout_basic,
          chequers_serial_rivers_micro_b, chequers_serial_rivers_marsh
D:2:      layout_rooms, kennysheep_another_room, grunt_ministairs_8, st_stairs_7
D:3:      layout_basic, xom_butterflies,
          chequers_temple_overflow_statue_of_worship,
          nicolae_tso_carved_into_rock, amethyst_overflow_temple_binary
D:4:      layout_loops_ring, gammafunk_temple_overflow_statue
D:5:      layout_basic, first_ration, uniq_pikel, uniq_crazy_yiuf_cottage

Skill      XL: |  1  2  3  4  5  6  7 |
---------------+----------------------+-----
Unarmed Combat | 1 2 3 4 5 7 8 |  8.0
Fighting       | 2 |  2.3
Throwing       | 4 |  4.1
Dodging        | |  1.5
Stealth        | |  0.3

Action                   |  1- 3 |  4- 6 |  7- 9 || total
-------------------------+-------+-------+-------++-------
Melee: Unarmed           |   127 |   164 |    76 ||   367
       Punch             |     1 |     3 |       ||     4
Invok: Lunge             |       |     5 |     8 ||    13
       Whirlwind         |       |       |     2 ||     2
 Stab: Sleeping          |       |     2 |     1 ||     3
  Eat: Chunk             |     9 |    15 |     7 ||    31
Armor: Robe              |    78 |    68 |    13 ||   159
Dodge: Dodged            |    92 |    63 |    19 ||   174

Table legend:
 A = Non-vault XP
 B = Vault XP
 C = Vault XP percentage of total XP
 D = Non-vault monster count
 E = Vault monster count
 F = Vault count percentage of total count
                 A         B        C        D         E       F
            +---------+---------+-------+---------+---------+-------
      Total |    1186 |       5 |   0.4 |     120 |       3 |   2.4
            +---------+---------+-------+---------+---------+-------
        D:1 |      44 |       0 |   0.0 |      27 |       0 |   0.0
        D:2 |      90 |       5 |   5.3 |      24 |       3 |  11.1
        D:3 |     349 |       0 |   0.0 |      34 |       0 |   0.0
        D:4 |     703 |       0 |   0.0 |      35 |       0 |   0.0
            +---------+---------+-------+---------+---------+-------
